Map: Abyssal Reef LE

Players

RiSky

  • Race: Zerg Zerg
  • League: Master
  • Spawn Location: 5:00

A.I. 1 (Very Easy) - Winner!

  • Race: Terran Terran
  • Spawn Location: 11:00

VOD

Have the link to the VOD?

Description

Time

  • Played on: May 25, 2017, 4:03 p.m.
  • Length: 9:15
Show
View Real Time Build Order
Export as new Build Order

RiSky Zerg 

Build Orders: Pool First 

Get SALT Encoding   

  12  0:00  Drone  
  13  0:12  Overlord  
  13  0:16  Drone  
  14  0:30  Drone x2  
  14  0:34  Drone  
  17  0:45  Spawning Pool  
  17  0:47  Drone  
  17  1:09  Hatchery  
  16  1:12  Drone  
  16  1:15  Extractor  
  16  1:16  Drone  
  17  1:20  Drone  
  18  1:31  Queen  
  20  1:34  Zergling x2  
  20  1:38  Zergling x2  
  22  1:49  Overlord  
  22  2:06  Queen  
  22  2:07  Drone  
  25  2:12  Drone  
  26  2:17  Metabolic Boost  
  26  2:20  Drone  
  26  2:21  Drone  
  28  2:31  Drone  
  28  2:33  Drone  
  30  2:40  Overlord  
  30  2:42  Drone x2  
  30  2:44  Drone  
  33  2:46  Drone  
  34  2:53  Drone  
  34  2:56  Drone  
  36  3:04  Drone  
  37  3:12  Drone x4  
  41  3:15  Drone  
  41  3:16  Drone x2  
  44  3:27  Overlord x2  
  44  3:29  Hatchery  
  43  3:36  Drone  
  43  3:41  Roach Warren  
  43  3:47  Drone  
  43  3:48  Drone x7  
  50  3:50  Drone  
  52  3:55  Queen  
  52  3:59  Overlord  
  52  4:01  Overlord  
  54  4:18  Overlord  
  54  4:21  Roach x7  
  68  4:24  Roach  
  70  4:32  Roach  
  70  4:33  Queen  
  70  4:38  Roach  
  76  4:41  Drone  
  77  4:51  Drone x6  
  77  4:52  Drone  
  84  4:59  Drone  
  85  5:02  Drone  
  85  5:03  Evolution Chamber  
  85  5:07  Drone  
  85  5:08  Evolution Chamber, Drone x3  
  85  5:10  Extractor  
  85  5:13  Drone, Extractor  
  87  5:15  Drone, Extractor  
  87  5:16  Extractor  
  87  5:18  Overlord  
  86  5:22  Overlord  
  86  5:23  Hatchery  
  86  5:24  Drone x3  
  86  5:26  Drone  
  89  5:30  Drone  
  89  5:31  Zerg Missile Weapons Level 1  
  90  5:38  Overlord  
  90  5:40  Extractor  
  90  5:41  Drone x2  
  90  5:42  Drone, Zerg Ground Armor Level 1  
  92  5:44  Overlord, Lair  
  92  5:45  Overlord x2  
  92  5:46  Drone  
  93  5:54  Drone x2  
  93  5:55  Drone x2  
  97  5:58  Overlord  
  97  6:00  Roach x2  
  101  6:04  Roach x2  
  101  6:05  Roach  
  101  6:10  Roach  
  101  6:11  Roach x2  
  113  6:13  Roach x2  
  113  6:15  Roach  
  119  6:18  Roach  
  119  6:19  Roach  
  119  6:21  Roach  
  119  6:24  Overlord  
  125  6:27  Roach x3  
  125  6:32  Roach x2  
  135  6:43  Hydralisk Den  
  135  6:44  Glial Reconstitution  
  134  6:48  Roach x8  
  134  6:52  Overlord  
  150  6:58  Overlord x2  
  150  6:59  Overlord x2  
  150  7:15  Hydralisk x6, Muscular Augments  
  152  7:19  Hydralisk  
  164  7:23  Hydralisk  
  164  7:24  Hydralisk x2  
  164  7:29  Hydralisk x2  
  174  7:39  Drone x5  
  174  7:40  Drone  
  180  7:51  Drone x3  
  180  7:52  Drone, Extractor  
  183  7:59  Hydralisk x3  
  183  8:04  Hydralisk  
  183  8:05  Hydralisk  
  191  8:06  Extractor  
  191  8:09  Hydralisk  
  191  8:12  Hydralisk  
  196  8:15  Hydralisk  
  196  8:17  Hydralisk  
  200  8:25  Infestation Pit  
  199  9:03  Spire  
Show
View Real Time Build Order
Export as new Build Order

A.I. 1 (Very Easy) Terran - Winner!

Build Orders: Reaper Expand 

Get SALT Encoding   

  12  0:00  SCV  
  13  0:13  SCV  
  14  0:18  Supply Depot  
  14  0:41  Barracks  
  14  1:05  Command Center  
  14  1:28  Marine  
  14  1:31  Supply Depot, Orbital Command  
  15  1:38  Refinery  
  15  1:48  Refinery  
  15  1:57  SCV  
  16  2:09  SCV  
  17  2:16  Reaper  
  17  2:21  SCV  
  20  2:22  SCV  
  20  2:33  SCV  
  22  2:37  SCV  
  22  2:45  SCV  
  24  2:51  SCV  
  25  2:58  SCV  
  25  3:00  Refinery  
  26  3:05  SCV  
  26  3:07  Marine  
  28  3:12  SCV  
  29  3:20  SCV, Factory  
  29  3:44  Refinery  
  29  3:45  SCV  
  30  3:52  SCV  
  31  3:55  Supply Depot  
  31  3:57  Marine  
  31  4:00  SCV  
  33  4:07  SCV, Starport  
  34  4:14  SCV  
  35  4:17  Barracks Tech Lab  
  35  4:21  SCV  
  36  4:28  SCV  
  37  4:33  Supply Depot  
  37  4:35  SCV  
  38  4:43  SCV  
  38  4:44  Starport Tech Lab  
  39  4:49  Marauder  
  39  4:50  SCV  
  42  4:57  SCV  
  43  5:02  Raven  
  43  5:04  SCV  
  46  5:11  SCV  
  47  5:19  SCV  
  48  5:39  Marine  
  49  5:44  Raven  
  51  6:30  Marine  
  52  7:21  Marauder  
  55  9:12  Supply Depot  
Tags
 
Add a new tag
Caveats
  • Supply blocks, unpowered buildings, or Contaminate may cause inaccurate times.
  • Supply counts are checked every 10 seconds.